[Event "ICC tourney 2834 (40 10)"]
[Site "Internet Chess Club"]
[Date "2022.02.26"]
[Round "2"]
[White "WU, DARREN:chessboy111"]
[Black "PADIYAR, SUNMAY:sunmay12"]
[Result "0-1"]
[ICCResult "White checkmated"]
[WhiteElo "768"]
[BlackElo "1320"]
[Opening "Two knights defense"]
[ECO "C55"]
[NIC "KP.02"]
[Time "13:15:28"]
[PlyCount "60"]
[TimeControl "2400+10"]

1. e4 e5 2. Nf3 Nc6 3. d4 exd4 4. Bc4 Nf6 5. O-O d6 6. Re1 Be7 7. Nxd4 O-O
8. Nxc6 bxc6 9. Nc3 Bg4 10. Qd3 Nd7 11. Bf4 Bg5 12. Bg3 Nc5 13. Qf1 Bd2 14.
Reb1 Bxc3 15. bxc3 Nxe4 16. Bf4 Nxc3 17. Rb3 Qf6 18. Bd2 Ne2+ 19. Bxe2 Bxe2
20. Qe1 Bc4 21. Bc3 Qg6 22. Rb2 Rfe8 23. Qd1 Be2 24. Qd2 Bf3 25. g3 h6 26.
Rb7 Qg4 27. Qc1 Re2 28. Rxc7 Rxc2 29. Qxc2 Qh3 30. Qc1 Qg2# {White
checkmated} 0-1

[Event "ICC tourney 2834 (40 10)"]
[Site "Internet Chess Club"]
[Date "2022.02.26"]
[Round "2"]
[White "procopio, Patti:prostripe"]
[Black "CAI, ALAN ZHUOCHENG:flying-ninja"]
[Result "0-1"]
[ICCResult "White resigns"]
[WhiteElo "1079"]
[BlackElo "1344"]
[Opening "Queen's bishop game"]
[ECO "D00"]
[NIC "QP.08"]
[Time "13:15:23"]
[PlyCount "62"]
[TimeControl "2400+10"]

1. d4 d5 2. Bf4 Nf6 3. Nf3 e6 4. Nbd2 c5 5. Bxb8 Rxb8 6. dxc5 Bxc5 7. c3 O-O
8. e3 Bd7 9. Be2 Qc7 10. Ne5 Qxe5 11. Nf3 Qc7 12. O-O b5 13. Bd3 h6 14. Qc2
Rfc8 15. Rfe1 Bc6 16. Nd4 a6 17. a4 Bd7 18. axb5 Bxd4 19. exd4 Bxb5 20. Bxb5
axb5 21. f3 b4 22. Rec1 bxc3 23. bxc3 Qc4 24. Ra4 Qc6 25. c4 dxc4 26. Rxc4
Qxc4 27. Qxc4 Rxc4 28. Rxc4 Rd8 29. Kf2 Nd5 30. Kg3 Ne3 31. Rb4 Nf5+
{White resigns}
0-1

[Event "ICC tourney 2834 (40 10)"]
[Site "Internet Chess Club"]
[Date "2022.02.26"]
[Round "2"]
[White "Pao, Hobart:hhp2122"]
[Black "HUANG, BRIAN:Checkmater2228"]
[Result "0-1"]
[ICCResult "White checkmated"]
[WhiteElo "1285"]
[BlackElo "857"]
[Opening "Ruy Lopez: Möller defense"]
[ECO "C78"]
[NIC "RL.12"]
[Time "13:15:24"]
[PlyCount "50"]
[TimeControl "2400+10"]

1. e4 e5 2. Nf3 Nc6 3. Bb5 a6 4. Ba4 Nf6 5. O-O Bc5 6. c3 b5 7. Bb3 O-O 8.
d4 exd4 9. cxd4 Bb6 10. a4 Rb8 11. Re1 d6 12. h3 Re8 13. Bg5 h6 14. Bxf6
Qxf6 15. e5 dxe5 16. dxe5 Nxe5 17. Nxe5 Rxe5 18. Rxe5 Bxf2+ 19. Kh1 Qxe5 20.
Qd8+ Kh7 21. Nc3 b4 22. Bxf7 Bb7 23. Qxb8 Bxg2+ 24. Kxg2 Qg3+ 25. Kh1 Qxh3#
{White checkmated}
0-1

[Event "ICC tourney 2834 (40 10)"]
[Site "Internet Chess Club"]
[Date "2022.02.26"]
[Round "2"]
[White "LIN, CARL:K01-17110834"]
[Black "Li, Ethan:CloudyCute"]
[Result "1-0"]
[ICCResult "Black checkmated"]
[WhiteElo "1213"]
[BlackElo "811"]
[Opening "French: exchange variation"]
[ECO "C01"]
[NIC "FR.01"]
[Time "13:15:30"]
[PlyCount "61"]
[TimeControl "2400+10"]

1. e4 e6 2. d4 d5 3. exd5 Qxd5 4. Nc3 Qd8 5. Nf3 c6 6. Bc4 b5 7. Bb3 a5 8.
a4 Bb4 9. Bd2 Nf6 10. axb5 Bxc3 11. Bxc3 cxb5 12. O-O a4 13. Ba2 Ba6 14. Re1
O-O 15. Qd2 Nc6 16. h3 h6 17. b4 Nd5 18. Bxd5 Qxd5 19. Ne5 Nxe5 20. Rxe5 Qd7
21. d5 Rfd8 22. Rd1 Rac8 23. d6 Rc6 24. Qe3 Rxd6 25. Rxd6 Qxd6 26. f4 Qd1+
27. Kh2 a3 28. Qg3 Qxc2 29. Rd5 g6 30. Rxd8+ Kh7 31. Rh8# {Black checkmated}
1-0

[Event "ICC tourney 2834 (40 10)"]
[Site "Internet Chess Club"]
[Date "2022.02.26"]
[Round "2"]
[White "CAO, DANIEL:danielcao"]
[Black "PARAGUA, MEGAN ALTHEA:PrincessOfChess"]
[Result "0-1"]
[ICCResult "White checkmated"]
[WhiteElo "1318"]
[BlackElo "1490"]
[Opening "Sicilian"]
[ECO "B54"]
[NIC "SI.01"]
[Time "13:15:46"]
[PlyCount "66"]
[TimeControl "2400+10"]

1. e4 c5 2. Nf3 d6 3. d4 cxd4 4. Nxd4 e5 5. Nb5 a6 6. N5a3 Nf6 7. Nc3 b5 8.
Nd5 Nbd7 9. Bg5 Bb7 10. Nxf6+ Nxf6 11. f3 Be7 12. Bd3 Qb6 13. Qd2 O-O 14.
O-O-O Rfc8 15. g4 d5 16. Be3 d4 17. Bf2 Bxa3 18. bxa3 a5 19. g5 Nd7 20. h4
Qd6 21. Rdg1 Qxa3+ 22. Kd1 b4 23. h5 Ba6 24. g6 Bxd3 25. gxh7+ Kh8 26. cxd3
Qc3 27. Rg4 Qa1+ 28. Ke2 Qxh1 29. Rxg7 Kxg7 30. Qg5+ Kxh7 31. Qf5+ Kh8 32.
Be1 Qg2+ 33. Kd1 Qc2# {White checkmated} 0-1

[Event "ICC tourney 2834 (40 10)"]
[Site "Internet Chess Club"]
[Date "2022.02.26"]
[Round "2"]
[White "BOGIN, THEODORE:tbogin1"]
[Black "HAMLETT, JAMES MORRISON:Hamlett144"]
[Result "0-1"]
[ICCResult "White resigns"]
[WhiteElo "1339"]
[BlackElo "1216"]
[Opening "Robatsch defense: Pseudo-Austrian attack"]
[ECO "B07"]
[NIC "VO.17"]
[Time "13:15:28"]
[PlyCount "58"]
[TimeControl "2400+10"]

1. e4 d6 2. d4 g6 3. Nc3 Bg7 4. f4 Nd7 5. Bc4 e5 6. Nf3 exd4 7. Nxd4 Ne7 8.
O-O Nc6 9. Be6 Bxd4+ 10. Kh1 fxe6 11. f5 exf5 12. exf5 O-O 13. Nb5 Be5 14.
Qd5+ Kh8 15. Bh6 Qh4 16. h3 Qxh6 17. Nxc7 Nf6 18. Qd1 Bxf5 19. Nxa8 Bxh3 20.
Qc1 Bxg2+ 21. Kxg2 Qh2+ 22. Kf3 Nd4+ 23. Ke3 Ng4+ 24. Kd3 Qe2+ 25. Kc3 Rc8+
26. Kb4 a5+ 27. Ka3 Nb5+ 28. Ka4 Qc4+ 29. Kxa5 Rxa8+ {White resigns} 0-1

[Event "ICC tourney 2834 (40 10)"]
[Site "Internet Chess Club"]
[Date "2022.02.26"]
[Round "2"]
[White "DING, OLIVIA:antpower0"]
[Black "YANG, JON:K05-16665853"]
[Result "1-0"]
[ICCResult "Black checkmated"]
[WhiteElo "814"]
[BlackElo "1153"]
[Opening "Nimzo-Indian: Sämisch variation"]
[ECO "E24"]
[NIC "NI.19"]
[Time "13:15:27"]
[PlyCount "153"]
[TimeControl "2400+10"]

1. d4 Nf6 2. c4 e6 3. Nc3 Bb4 4. a3 Bxc3+ 5. bxc3 c5 6. Nf3 Nc6 7. Bg5 Qa5
8. Qd2 Ne4 9. Qe3 Nxc3 10. Nd2 cxd4 11. Qg3 Ne4 12. Qd3 Nxg5 13. g3 Ne5 14.
Qxd4 Nc6 15. Qxg7 Ne4 16. Qxh8+ Ke7 17. Qb2 Ne5 18. Qb4+ Qxb4 19. axb4 Nc3
20. Bg2 d5 21. Ra3 d4 22. e3 Nd3+ 23. Kf1 e5 24. Ne4 Nxb4 25. Nxc3 dxc3 26.
Rxc3 Rb8 27. Be4 Bh3+ 28. Bg2 Bf5 29. e4 Bg4 30. h3 Bh5 31. g4 Bg6 32. Ke2
Rd8 33. Rd1 Rd4 34. Rxd4 exd4 35. Rb3 a5 36. h4 h5 37. g5 Kd6 38. e5+ Kxe5
39. Bxb7 d3+ 40. Kd2 Kd4 41. Ra3 Kxc4 42. Rxa5 Nc2 43. Ba6+ Kd4 44. Ra4+ Kc5
45. Bxd3 Bxd3 46. Kxd3 Ne1+ 47. Ke2 Ng2 48. Ra7 Nxh4 49. Rxf7 Kd6 50. Rh7
Ng2 51. Rh6+ Ke5 52. g6 Kf6 53. Kf3 Kg5 54. g7 Nh4+ 55. Ke2 Kxh6 56. g8=Q
Nf5 57. Qe6+ Kg5 58. Kd3 h4 59. Ke4 Nh6 60. f4+ Kh5 61. Qe5+ Kg4 62. Qg5+
Kh3 63. Qxh6 Kg3 64. Qg5+ Kh3 65. f5 Kh2 66. f6 h3 67. f7 Kh1 68. Qc1+ Kg2
69. Qh6 h2 70. Qxh2+ Kxh2 71. f8=Q Kh1 72. Qf4 Kg2 73. Qe3 Kh2 74. Qf3 Kg1
75. Qe2 Kh1 76. Kf3 Kg1 77. Qg2# {Black checkmated} 1-0

[Event "ICC tourney 2834 (40 10)"]
[Site "Internet Chess Club"]
[Date "2022.02.26"]
[Round "2"]
[White "SISTA, SAI VIJAY HIMAGHNA:Chessboy5"]
[Black "Nagarajan, Ramesh:rnagaraj"]
[Result "1-0"]
[ICCResult "Black resigns"]
[WhiteElo "1394"]
[BlackElo "1282"]
[Opening "Queen's pawn, Mason variation"]
[ECO "D00"]
[NIC "QP.08"]
[Time "13:15:23"]
[PlyCount "65"]
[TimeControl "2400+10"]

1. d4 d5 2. Bf4 Bf5 3. e3 c6 4. Bd3 Bxd3 5. Qxd3 e6 6. Nf3 Bd6 7. Bg3 Nf6 8.
Nbd2 c5 9. Qb5+ Qd7 10. Qxd7+ Kxd7 11. Ne5+ Ke7 12. c4 cxd4 13. exd4 Bb4 14.
a3 Bxd2+ 15. Kxd2 Nc6 16. Nxc6+ bxc6 17. c5 Ne4+ 18. Kd3 Nxg3 19. hxg3 Rab8
20. b4 a6 21. g4 h6 22. f4 g6 23. Rh3 a5 24. Kc3 Ra8 25. a4 axb4+ 26. Kb3 f6
27. Rah1 f5 28. gxf5 exf5 29. Rxh6 Rxh6 30. Rxh6 Kf6 31. Rh7 Ra6 32. Rb7 g5
33. Rb6 {Black resigns} 1-0

[Event "ICC tourney 2834 (40 10)"]
[Site "Internet Chess Club"]
[Date "2022.02.26"]
[Round "2"]
[White "GUO, MAX:salamenceg"]
[Black "QIAO, RICHARDSON JINGSI:Richardsonqiao"]
[Result "1-0"]
[ICCResult "Black checkmated"]
[WhiteElo "1220"]
[BlackElo "495"]
[Opening "King's gambit"]
[ECO "C30"]
[NIC "KG.05"]
[Time "13:15:23"]
[PlyCount "109"]
[TimeControl "2400+10"]

1. e4 e5 2. f4 d6 3. Nf3 Nc6 4. Bb5 exf4 5. d4 a6 6. Ba4 b5 7. Bb3 Nf6 8.
O-O Be7 9. Bxf4 Nxe4 10. Bd5 Bb7 11. Bxe4 d5 12. Bd3 O-O 13. Re1 Bf6 14. c3
b4 15. Bc2 h6 16. Qd3 g6 17. Bxh6 Bg7 18. Bxg7 Kxg7 19. Nbd2 Rh8 20. Ne5
Nxe5 21. dxe5 Qh4 22. Nf3 Qh6 23. Qe3 Qh5 24. e6 d4 25. Qxd4+ Kg8 26. exf7+
Kf8 27. Qxb4+ Kg7 28. Qxb7 Raf8 29. Qxc7 Rxf7 30. Qe5+ Qxe5 31. Nxe5 Rb7 32.
Bb3 a5 33. Rad1 Re8 34. Nf3 Reb8 35. Ne5 Re8 36. Kf1 Rf8+ 37. Nf3 a4 38.
Bxa4 Rxb2 39. Re2 Rb7 40. Rd7+ Rxd7 41. Bxd7 Ra8 42. Bc6 Rc8 43. Bd5 Rxc3
44. Re7+ Kf8 45. Rf7+ Ke8 46. Rg7 Rc5 47. Bb3 Rc1+ 48. Ke2 Kf8 49. Rf7+ Ke8
50. Nd4 Rh1 51. Nb5 Rxh2 52. Nd6+ Kd8 53. Be6 Rxg2+ 54. Kf1 Rd2 55. Rd7#
{Black checkmated}
1-0

[Event "ICC tourney 2834 (40 10)"]
[Site "Internet Chess Club"]
[Date "2022.02.26"]
[Round "2"]
[White "MADALA, MANASVI:K05-30147205"]
[Black "WESLEY, GEORGE:Maglars"]
[Result "1-0"]
[ICCResult "Black resigns"]
[WhiteElo "609"]
[BlackElo "1132"]
[Opening "Scandinavian (center counter) defense"]
[ECO "B01"]
[NIC "SD.01"]
[Time "13:15:55"]
[PlyCount "135"]
[TimeControl "2400+10"]

1. e4 d5 2. exd5 Qxd5 3. Nc3 Qa5 4. Nf3 Nf6 5. Be2 Bf5 6. O-O e5 7. d4 exd4
8. Nxd4 Bd7 9. Nb3 Qb6 10. Re1 Be7 11. Be3 c5 12. Bf3 Qc7 13. Bxc5 Nc6 14.
Bxc6 bxc6 15. Bxe7 Be6 16. Bxf6 gxf6 17. Ne4 Qe7 18. Nd4 c5 19. Nxe6 fxe6
20. Qh5+ Kf8 21. Qxc5 Kf7 22. Qxe7+ Kxe7 23. Nc5 e5 24. g3 Rac8 25. Na4 Rxc2
26. b3 Rd8 27. Rec1 Re2 28. Nc3 Rb2 29. Rab1 Rbd2 30. Rd1 Rc2 31. Rxd8 Kxd8
32. Rd1+ Kc8 33. Rd3 f5 34. Na4 Rxa2 35. Rd5 Ra3 36. Rxe5 Rxb3 37. Rxf5 Rb4
38. Nc3 Rc4 39. Rf7 Rxc3 40. Rxa7 h5 41. Rh7 Rc5 42. Kg2 Rg5 43. f4 Rd5 44.
Kh3 Rf5 45. Kh4 Rc5 46. Rxh5 Rc2 47. h3 Kd8 48. f5 Ke7 49. g4 Kf6 50. Rh6+
Kg7 51. Kh5 Rh2 52. h4 Rxh4+ 53. Kxh4 Kxh6 54. Kg3 Kg5 55. Kh3 Kf6 56. Kh4
Kf7 57. Kg5 Kg7 58. f6+ Kf7 59. Kf5 Kg8 60. g5 Kf7 61. g6+ Kf8 62. g7+ Kg8
63. Kg5 Kf7 64. Kf5 Kg8 65. Ke6 Kh7 66. Ke7 Kg8 67. f7+ Kxg7 68. f8=Q+
{Black resigns}
1-0

[Event "ICC tourney 2834 (40 10)"]
[Site "Internet Chess Club"]
[Date "2022.02.26"]
[Round "2"]
[White "ASHOK, AMUDHAN:amudhanashok"]
[Black "STONE, GILBERT L:tightfist"]
[Result "0-1"]
[ICCResult "White resigns"]
[WhiteElo "950"]
[BlackElo "1317"]
[Opening "Queen's pawn game"]
[ECO "D02"]
[NIC "QP.08"]
[Time "13:15:34"]
[PlyCount "68"]
[TimeControl "2400+10"]

1. d4 d5 2. Nf3 e6 3. Nc3 Nf6 4. Bf4 Bd6 5. Bd2 c5 6. e3 O-O 7. g3 Nc6 8.
Bg2 a6 9. O-O cxd4 10. exd4 Qb6 11. Bc1 Ne7 12. a3 a5 13. Re1 Ng6 14. Rb1
Bd7 15. Bg5 Be7 16. Ne5 Qd8 17. Qe2 Rc8 18. Rbd1 Bxa3 19. bxa3 Rxc3 20. Bxf6
gxf6 21. Nxd7 Qxd7 22. Ra1 Qc7 23. Rec1 Rc8 24. Ra2 Kg7 25. a4 Qc6 26. Bf1
Rc4 27. Rb2 Rxd4 28. Qe3 Rb4 29. Rxb4 axb4 30. Qb3 Qc3 31. Qa2 b3 32. Qb2
Qxb2 33. Re1 bxc2 34. Re2 Qb1 {White resigns} 0-1

[Event "ICC tourney 2834 (40 10)"]
[Site "Internet Chess Club"]
[Date "2022.02.26"]
[Round "2"]
[White "YUAN, DAVID:David1250"]
[Black "JIMENEZ, LUIS A:eltuna"]
[Result "1-0"]
[ICCResult "Black resigns"]
[WhiteElo "1293"]
[BlackElo "1440"]
[Opening "Caro-Kann: advance variation"]
[ECO "B12"]
[NIC "CK.04"]
[Time "13:15:25"]
[PlyCount "102"]
[TimeControl "2400+10"]

1. e4 c6 2. d4 d5 3. e5 Bf5 4. f4 e6 5. Nf3 c5 6. c3 Nd7 7. Bb5 cxd4 8. cxd4
Bxb1 9. Bxd7+ Qxd7 10. Rxb1 Qb5 11. Bd2 Rc8 12. Rc1 Rxc1 13. Qxc1 Qc4 14.
Qxc4 dxc4 15. O-O Ne7 16. Rc1 b5 17. a4 a6 18. axb5 axb5 19. Ra1 Nc6 20. Ra6
Kd7 21. Rb6 Nxd4 22. Nxd4 Bc5 23. Rd6+ Bxd6 24. exd6 Kxd6 25. Nxb5+ Kc5 26.
Nc3 Rd8 27. Kf1 Kb4 28. Ne4+ Kb3 29. Bc3 Rd1+ 30. Ke2 Rh1 31. h3 Rg1 32. Kf2
Rc1 33. Bxg7 Rc2+ 34. Kf1 Rxb2 35. Bxb2 Kxb2 36. Ke2 Kc2 37. g4 c3 38. Nxc3
Kxc3 39. Ke3 f6 40. h4 Kc4 41. Ke4 Kc5 42. g5 fxg5 43. fxg5 Kd6 44. h5 Ke7
45. Ke5 Kf7 46. Kd6 e5 47. Kxe5 Ke7 48. g6 hxg6 49. hxg6 Kf8 50. Kf6 Kg8 51.
g7 Kh7 {Black resigns} 1-0

[Event "ICC tourney 2834 (40 10)"]
[Site "Internet Chess Club"]
[Date "2022.02.26"]
[Round "2"]
[White "JACOBS, STEVE:Steviejay"]
[Black "Lin, James:MeLikeGame"]
[Result "0-1"]
[ICCResult "White checkmated"]
[WhiteElo "1229"]
[BlackElo "1392"]
[Opening "Torre attack (Tartakower variation)"]
[ECO "D03"]
[NIC "QP.06"]
[Time "13:15:29"]
[PlyCount "100"]
[TimeControl "2400+10"]

1. d4 Nf6 2. Nf3 d5 3. Bg5 b6 4. Nbd2 Bb7 5. e3 Nbd7 6. Bd3 h6 7. Bh4 g5 8.
Bg3 e6 9. h3 Bd6 10. Bxd6 cxd6 11. c3 Qe7 12. Qe2 O-O-O 13. O-O-O Kb8 14.
Kb1 Ne8 15. Rhe1 Nc7 16. Nb3 e5 17. Bc2 f6 18. Bf5 e4 19. Nfd2 Ba6 20. Qg4
h5 21. Qg3 Ne8 22. Bxd7 Qxd7 23. Rc1 Rc8 24. f3 Ng7 25. fxe4 dxe4 26. Nxe4
Bd3+ 27. Ka1 Bxe4 28. Nd2 Bb7 29. e4 Ka8 30. Rf1 Rhf8 31. d5 g4 32. h4 f5
33. c4 Ne8 34. exf5 Rxf5 35. Rf4 Rxf4 36. Qxf4 Bxd5 37. b3 Bxg2 38. Re1 Nc7
39. Qg5 Re8 40. Rc1 Re5 41. Qf4 Qg7 42. Kb1 Ne6 43. Qf2 Bb7 44. Rf1 g3 45.
Qf7 Qxf7 46. Rxf7 g2 47. Rh7 g1=Q+ 48. Kb2 Qd4+ 49. Ka3 Ra5+ 50. Kb4 Qxd2#
{White checkmated}
0-1

[Event "ICC tourney 2834 (40 10)"]
[Site "Internet Chess Club"]
[Date "2022.02.26"]
[Round "2"]
[White "LAIDO, MATTHEW:Dabao"]
[Black "Li, Aaron:WindySmart"]
[Result "1-0"]
[ICCResult "Black checkmated"]
[WhiteElo "1137"]
[BlackElo "687"]
[Opening "Giuoco Piano"]
[ECO "C50"]
[NIC "IG.02"]
[Time "13:15:45"]
[PlyCount "157"]
[TimeControl "2400+10"]

1. e4 e5 2. Nf3 Nc6 3. Bc4 Bc5 4. Nc3 d6 5. h3 Nf6 6. d3 h6 7. Be3 Bb6 8. d4
exd4 9. Nxd4 O-O 10. Nxc6 bxc6 11. Qd2 Re8 12. Bxb6 axb6 13. O-O Nxe4 14.
Nxe4 Rxe4 15. Bb3 Qf6 16. Qd3 Qg6 17. Rae1 Bf5 18. Rxe4 Bxe4 19. Qg3 Qf5 20.
c3 Re8 21. Re1 Re5 22. f3 Bd5 23. Rxe5 dxe5 24. c4 Be6 25. Qf2 Qd3 26. Qh4
b5 27. cxb5 cxb5 28. Bxe6 fxe6 29. Qe7 Qb1+ 30. Kh2 Qxa2 31. Qd8+ Kh7 32.
Qxc7 Qxb2 33. Qd6 b4 34. Qxe6 b3 35. Qf5+ Kg8 36. Qe6+ Kf8 37. Qd6+ Kf7 38.
Qd7+ Kf6 39. Qd6+ Kf5 40. Qd3+ Kf4 41. Qe4+ Kg5 42. h4+ Kf6 43. Qc6+ Ke7 44.
Qc7+ Ke8 45. Qc6+ Kd8 46. Qd6+ Kc8 47. Qc6+ Kb8 48. Qb6+ Ka8 49. Qa6+ Kb8
50. Qb6+ Kc8 51. Qc6+ Kd8 52. Qd6+ Ke8 53. Qe6+ Kf8 54. Qd6+ Kf7 55. Qd5+
Ke7 56. Qc5+ Kd7 57. Qd5+ Kc7 58. Qc5+ Kb7 59. Qb5+ Ka7 60. Qa5+ Kb7 61.
Qb5+ Kc7 62. Qc5+ Kd7 63. Qd5+ Ke7 64. Qc5+ Ke6 65. Qc6+ Kf5 66. Qe4+ Ke6
67. Qc6+ Ke7 68. Qc5+ Ke6 69. Qc6+ Ke7 70. Qc5+ Kd7 71. Qd5+ Kc7 72. Qc5+
Kd7 73. Qd5+ Kc7 74. Qc5+ Kd7 75. Qd5+ Ke7 76. Qc5+ Kf6 77. Qd6+ Kf5 78. Qd5
Kf4 79. Qe4# {Black checkmated} 1-0

[Event "ICC tourney 2834 (40 10)"]
[Site "Internet Chess Club"]
[Date "2022.02.26"]
[Round "2"]
[White "Francis-Emonds, Nico Maximilian:nemonds9"]
[Black "MEHTA, CHAITANYA:Chai2006"]
[Result "1-0"]
[ICCResult "Black checkmated"]
[WhiteElo "1365"]
[BlackElo "1228"]
[Opening "Queen's pawn"]
[ECO "A40"]
[NIC "QO.17"]
[Time "13:15:25"]
[PlyCount "147"]
[TimeControl "2400+10"]

1. d4 e6 2. g3 d5 3. Bg2 Nf6 4. b3 c5 5. c3 Nc6 6. e3 cxd4 7. cxd4 Bb4+ 8.
Bd2 O-O 9. Ne2 Qa5 10. O-O Ne4 11. Bxe4 dxe4 12. a3 e5 13. Bxb4 Nxb4 14. Nd2
Nd3 15. Nxe4 Qa6 16. Qd2 Bh3 17. Rfd1 Qc6 18. Qxd3 f5 19. d5 fxe4 20. Qxe4
Qf6 21. f4 Bg4 22. Ra2 exf4 23. exf4 Rae8 24. Qc4 Qb6+ 25. Kg2 Qe3 26. d6+
Kh8 27. Nc3 Bxd1 28. Nxd1 Qe4+ 29. Qxe4 Rxe4 30. Rd2 Rd8 31. Nb2 Re3 32. b4
Rxa3 33. Nc4 Rc3 34. Ne5 Kg8 35. d7 Kf8 36. Ra2 a6 37. Rb2 Ke7 38. b5 Rxd7
39. Nxd7 Kxd7 40. bxa6 bxa6 41. Rb7+ Kc6 42. Rxg7 a5 43. Rxh7 a4 44. Ra7 a3
45. Kh3 Kb5 46. Kh4 Kb4 47. g4 Kb3 48. g5 Rc2 49. h3 a2 50. g6 Rg2 51. f5
Kb2 52. Kh5 Rg3 53. Rxa2+ Kxa2 54. h4 Kb3 55. Kh6 Kc4 56. f6 Kd5 57. Kg7 Rc3
58. f7 Rc7 59. Kg8 Rc8+ 60. f8=Q Rc6 61. Qf3+ Kd6 62. Qxc6+ Kxc6 63. Kf7 Kd6
64. g7 Kd7 65. g8=Q Kc7 66. Qg6 Kd7 67. Qe6+ Kc7 68. h5 Kb7 69. h6 Kc7 70.
h7 Kb7 71. h8=Q Kc7 72. Qc3+ Kb7 73. Qeb3+ Ka6 74. Qa1# {Black checkmated}
1-0

[Event "ICC tourney 2834 (40 10)"]
[Site "Internet Chess Club"]
[Date "2022.02.26"]
[Round "3"]
[White "KINKUS, SAM E:Grandslam34"]
[Black "Rastogi, Viraj:masterviraj"]
[Result "0-1"]
[ICCResult "White resigns"]
[WhiteElo "799"]
[BlackElo "716"]
[Opening "KP: Patzer opening"]
[ECO "C20"]
[NIC "KP.10"]
[Time "15:31:07"]
[PlyCount "28"]
[TimeControl "2400+10"]

1. e4 e5 2. Qh5 Nc6 3. Bc4 g6 4. Qf3 Nf6 5. Ne2 d6 6. h3 Bg7 7. Nbc3 O-O 8.
d3 Be6 9. Bxe6 fxe6 10. Bg5 Nb4 11. O-O-O d5 12. d4 dxe4 13. Qxe4 Nxe4 14.
Bxd8 Nxf2 {White resigns} 0-1

[Event "ICC tourney 2834 (40 10)"]
[Site "Internet Chess Club"]
[Date "2022.02.26"]
[Round "3"]
[White "DATTA, GAURAV D:Geebz76"]
[Black "procopio, Patti:prostripe"]
[Result "1-0"]
[ICCResult "Black resigns"]
[WhiteElo "1285"]
[BlackElo "1079"]
[Opening "Réti opening"]
[ECO "A04"]
[NIC "QP.11"]
[Time "15:30:22"]
[PlyCount "51"]
[TimeControl "2400+10"]

1. Nf3 d6 2. c4 c6 3. d4 Bg4 4. Qb3 Qc7 5. g3 Bxf3 6. Qxf3 Nf6 7. Bg2 Nbd7
8. Nc3 e6 9. O-O Be7 10. e4 O-O 11. Re1 e5 12. d5 cxd5 13. cxd5 Nc5 14. Be3
b6 15. Rac1 Rac8 16. Qe2 Qd8 17. b4 Na6 18. Qxa6 Ng4 19. Bd2 Bg5 20. Bxg5
Qxg5 21. h3 Nh6 22. Ne2 Qd2 23. Rxc8 Qxe1+ 24. Kh2 Qxe2 25. Rxf8+ Kxf8 26.
Qxe2 {Black resigns} 1-0

[Event "ICC tourney 2834 (40 10)"]
[Site "Internet Chess Club"]
[Date "2022.02.26"]
[Round "3"]
[White "MEHTA, CHAITANYA:Chai2006"]
[Black "MADALA, MANASVI:K05-30147205"]
[Result "1-0"]
[ICCResult "Black checkmated"]
[WhiteElo "1228"]
[BlackElo "609"]
[Opening "Queen's bishop game"]
[ECO "D02"]
[NIC "QP.08"]
[Time "15:30:16"]
[PlyCount "77"]
[TimeControl "2400+10"]

1. d4 d5 2. Nf3 Nf6 3. Bf4 Bf5 4. e3 a6 5. Bd3 Bg6 6. c3 e6 7. Qc2 Bxd3 8.
Qxd3 Be7 9. Nbd2 O-O 10. Ne5 Nc6 11. Ndf3 g6 12. h4 Nh5 13. g4 Nxf4 14. exf4
Nxe5 15. Nxe5 Bf6 16. h5 Bg7 17. hxg6 fxg6 18. Qh3 Rxf4 19. Qxh7+ Kf8 20.
Nxg6+ Ke8 21. Qg8+ Kd7 22. Qxg7+ Kc8 23. Nxf4 Kb8 24. Rh8 Qxh8 25. Qxh8+ Ka7
26. Qxa8+ Kxa8 27. g5 Kb8 28. g6 Kc8 29. O-O-O Kd8 30. g7 Kd7 31. Re1 Kc6
32. Rxe6+ Kb5 33. Nxd5 c6 34. Kc2 cxd5 35. Kd3 b6 36. b3 a5 37. g8=Q a4 38.
Qe8+ Ka5 39. Qxa4# {Black checkmated} 1-0

[Event "ICC tourney 2834 (40 10)"]
[Site "Internet Chess Club"]
[Date "2022.02.26"]
[Round "3"]
[White "Mishra, Aakash:ttpq52"]
[Black "ASHOK, AMUDHAN:amudhanashok"]
[Result "0-1"]
[ICCResult "White resigns"]
[WhiteElo "410"]
[BlackElo "950"]
[Opening "Scotch opening"]
[ECO "C44"]
[NIC "KP.10"]
[Time "15:32:05"]
[PlyCount "40"]
[TimeControl "2400+10"]

1. e4 e5 2. Nf3 Nc6 3. d4 d6 4. d5 Nce7 5. Nc3 Nf6 6. Bg5 Ng6 7. Bb5+ Bd7 8.
Bxd7+ Qxd7 9. Bxf6 gxf6 10. O-O Bg7 11. h3 O-O 12. a4 Rad8 13. b4 c6 14. b5
cxd5 15. Nxd5 f5 16. b6 fxe4 17. Ng5 Qf5 18. h4 Rfe8 19. Qh5 h6 20. Nh3 Qxh5
{White resigns}
0-1

[Event "ICC tourney 2834 (40 10)"]
[Site "Internet Chess Club"]
[Date "2022.02.26"]
[Round "3"]
[White "YANG, JON:K05-16665853"]
[Black "ZIESLER, GAVIN:GavinZ"]
[Result "1-0"]
[ICCResult "Black checkmated"]
[WhiteElo "1153"]
[BlackElo "460"]
[Opening "French: advance variation"]
[ECO "C02"]
[NIC "FR.03"]
[Time "15:30:19"]
[PlyCount "79"]
[TimeControl "2400+10"]

1. e4 e6 2. d4 d5 3. e5 Nc6 4. c4 dxc4 5. Bxc4 Na5 6. Qa4+ Nc6 7. Bb5 Bd7 8.
Be3 a6 9. Bd3 Nb4 10. Qd1 Nxd3+ 11. Qxd3 Bb5 12. Qd2 a5 13. Nc3 Bb4 14. Qc2
Qd7 15. Nf3 Ba4 16. b3 Bxc3+ 17. Qxc3 Bb5 18. a4 Bc6 19. Rd1 Bxf3 20. gxf3
Qc6 21. Qxc6+ bxc6 22. Rg1 Ne7 23. Rxg7 Nf5 24. Rg1 Nh4 25. Ke2 Rb8 26. Bg5
Nf5 27. Bf6 Rf8 28. Rd3 h5 29. Kd2 Kd7 30. Rc1 Rg8 31. h4 Rg2 32. Ke2 Ng3+
33. Ke3 Nf5+ 34. Ke2 Rh2 35. Rc4 Nxh4 36. d5 Nf5 37. dxc6+ Ke8 38. Rc5 h4
39. Rb5 Rxb5 40. Rd8# {Black checkmated} 1-0

[Event "ICC tourney 2834 (40 10)"]
[Site "Internet Chess Club"]
[Date "2022.02.26"]
[Round "3"]
[White "QIAO, RICHARDSON JINGSI:Richardsonqiao"]
[Black "LIN, CARL:K01-17110834"]
[Result "1/2-1/2"]
[ICCResult "Game drawn by mutual agreement"]
[WhiteElo "495"]
[BlackElo "1213"]
[Opening "Giuoco Pianissimo"]
[ECO "C50"]
[NIC "IG.02"]
[Time "15:30:20"]
[PlyCount "96"]
[TimeControl "2400+10"]

1. e4 e5 2. Nf3 Nc6 3. Bc4 Bc5 4. d3 h6 5. O-O Nf6 6. Nc3 d6 7. h3 O-O 8.
Re1 Be6 9. Bxe6 fxe6 10. Be3 Bb6 11. Qd2 Qd7 12. Rad1 Rae8 13. d4 exd4 14.
Nxd4 Nxd4 15. Bxd4 Bxd4 16. Qxd4 e5 17. Qc4+ Qf7 18. Qxf7+ Rxf7 19. Nd5 Nxd5
20. Rxd5 Rd7 21. Red1 Rf7 22. f3 Kh7 23. Kh2 Kg6 24. Kg3 Rf4 25. c4 Rf6 26.
c5 Ree6 27. cxd6 Rxd6 28. Rxd6 Rxd6 29. Rxd6+ cxd6 30. Kg4 b6 31. b3 a6 32.
a3 h5+ 33. Kh4 Kh6 34. g4 g5+ 35. Kg3 h4+ 36. Kf2 Kg6 37. Ke3 b5 38. b4 Kf6
39. Kd3 Ke6 40. Ke3 Kf6 41. Kd3 Ke7 42. Ke3 Kd7 43. Kd3 Kc6 44. Kc3 Kb6 45.
Kb3 a5 46. Kc3 axb4+ 47. axb4 Kc6 48. Kd3 d5 {Game drawn by mutual
agreement} 1/2-1/2

[Event "ICC tourney 2834 (40 10)"]
[Site "Internet Chess Club"]
[Date "2022.02.26"]
[Round "3"]
[White "BIRUDAVOLU, SATHVIK:Vikki24"]
[Black "CAO, DANIEL:danielcao"]
[Result "0-1"]
[ICCResult "White checkmated"]
[WhiteElo "1069"]
[BlackElo "1318"]
[Opening "Sicilian defense"]
[ECO "B30"]
[NIC "SI.31"]
[Time "15:30:20"]
[PlyCount "100"]
[TimeControl "2400+10"]

1. e4 c5 2. Nf3 Nc6 3. Bc4 e6 4. d3 d5 5. exd5 exd5 6. Bb3 Nf6 7. O-O Be7 8.
Re1 O-O 9. c4 dxc4 10. Bxc4 Bg4 11. h3 Bxf3 12. Qxf3 Nd4 13. Qd1 Bd6 14. Nc3
a6 15. Bg5 Be7 16. Bxf6 Bxf6 17. Rb1 b5 18. Bb3 Nxb3 19. Qxb3 Qxd3 20. Rbd1
Qf5 21. Qd5 Qf4 22. Qe4 Qxe4 23. Rxe4 Bxc3 24. bxc3 Rad8 25. Ree1 h6 26. Kf1
Rfe8 27. f3 Kf8 28. Kf2 Rxe1 29. Kxe1 Rxd1+ 30. Kxd1 Ke7 31. Ke2 Kd6 32. Kd3
Kd5 33. Kd2 Kc4 34. Kc2 b4 35. cxb4 cxb4 36. Kc1 a5 37. Kc2 a4 38. Kb2 b3
39. axb3+ axb3 40. g4 g5 41. Kb1 Kc3 42. Kc1 b2+ 43. Kb1 f6 44. h4 gxh4 45.
f4 h3 46. g5 hxg5 47. fxg5 fxg5 48. Ka2 h2 49. Kb1 h1=Q+ 50. Ka2 Qa1#
{White checkmated}
0-1